 Dungeon Crawl Stone Soup version 0.16-a0-1301-gf74d490 (webtiles) character file.

337 Ololoev the Cudgeler (level 6, 0/48 HPs)
             Began as a Ghoul Gladiator on Oct 15, 2014.
             Slain by a gnoll
             ... wielding a +3 spear
              (7 damage)
             ... on level 4 of the Dungeon.
             The game lasted 00:13:13 (3853 turns).

Ololoev the Cudgeler (Ghoul Gladiator)              Turns: 3853, Time: 00:13:13

Health: 0/48       AC:  4    Str: 19    XL:     6   Next: 54%
Magic:  5/5        EV: 12    Int:  3    God:
Gold:   153        SH:  0    Dex: 11    Spells: 0 memorised, 5 levels left

rFire  . . .     SeeInvis .     f - +1 hammer (crush)
rCold  + . .     Clarity  .     o - +1 robe
rNeg   + + +     SustAb   .     (no shield)
rPois  +         Saprov   + + + c - +0 helmet
rElec  .         Spirit   .     (no cloak)
rCorr  .         Warding  .     (no gloves)
rMut   .         Stasis   .     (no boots)
MR     .....                    (no amulet)
Stlth  +.........               (no ring)
                                (no ring)

@: rotting, hasted, very quick, not resistant to hostile enchantments, very
unstealthy
A: rotting body, claws 1, carnivore 3, cold resistance 1, negative energy
resistance 3, poison resistance, saprovore 3, slow healing 1, torment
resistance, unbreathing
a: no special abilities


You were on level 4 of the Dungeon.
You were not hungry.

You visited 1 branch of the dungeon, and saw 4 of its levels.

You collected 153 gold pieces.

Inventory:

Hand weapons
 f - a +1 hammer of crushing (weapon)
Missiles
 s - 2 throwing nets (quivered)
Armour
 c - a +0 helmet (worn)
 o - a +1 robe (worn)
Magical devices
 v - a wand of fire (7)
Scrolls
 b - a scroll of enchant weapon {unknown}
 d - a scroll of fog {unknown}
 g - a scroll of random uselessness {unknown}
 l - a scroll of enchant armour
 m - a scroll of blinking {unknown}
Potions
 e - 2 potions of restore abilities
 i - a potion of mutation {unknown}
 j - a potion of poison {unknown}
 n - a potion of invisibility {unknown}
 q - a potion of confusion {unknown}
 u - a potion of heal wounds {unknown}
Comestibles
 a - a chunk of worm flesh
 h - 2 chunks of kobold flesh
 k - 4 chunks of orc flesh
 r - a meat ration
 t - a chunk of rat flesh
 x - 4 chunks of giant frog flesh
 z - 2 slices of pizza
 A - a chunk of goblin flesh
 E - 2 rotting chunks of goblin flesh


   Skills:
 - Level 2.1 Fighting
 + Level 6.5 Maces & Flails
 - Level 1.7 Throwing
 - Level 2.6 Dodging


You had 5 spell levels left.
You didn't know any spells.

Dungeon Overview and Level Annotations

Branches:
Dungeon (4/15)             Temple (0/1) D:4

Altars:

Annotations:
D:3 1 exclusion, Crazy Yiuf


Innate Abilities, Weirdness & Mutations

Your body is rotting away.
You have sharp fingernails.
You are carnivorous and can eat meat at any time.
Your flesh is cold resistant.
You are immune to negative energy.
Your system is resistant to poisons.
You thrive on rotten meat.
You heal slowly when monsters are visible.
You are immune to unholy pain and torment.
You can survive without breathing.


Message History

This rotting flesh tastes delicious!
You continue eating.
The gnoll hits you with a runed spear.
* * * LOW HITPOINT WARNING * * *
You continue eating.
The gnoll hits you with a runed spear!
* * * LOW HITPOINT WARNING * * *
Read which item? (? for menu, Esc to quit)
As you read the scroll labeled KHIZEB ACIUGE, it crumbles to dust.
It is a scroll of enchant armour.
Enchant which item? (? for menu, Esc to quit)
Your cursed +0 robe glows green for a moment.
The gnoll barely misses you.
Read which item? (? for menu, Esc to quit)
Okay, then.
Drink which item? (? for menu, Esc to quit)
You feel better. The gnoll hits you but does no damage.
Drink which item? (? for menu, Esc to quit)
You feel yourself speed up. The gnoll hits you with a runed spear!
You die...

#.# *,,,?.......#*****,** #.#
*,,,,$........,,,,,*
##<##########.........,,*********
,....<................,,,,,,,,,,,
##..#.#....##.......#,******,,,,*
....#...............+,,,,,,,,,,,*
[...#......##.......#.#.,,*,,,>,*
...............)...[.....,,,,,,,*
#####......#####@####.#.,,***,***
#.....## #g## *,,,,,***,,*
#.....# #g.# *,,,,,,,,,,* #.....#
##.##*,,*******,* #.....#
#..#*,,* *** *,* #######
##.#*,,*******,* #.#*,,,,+_+,,,*
#.#*,,***+***,** *****###***
#.#*,,* *,* *,,*


You could see 2 gnolls.

Vanquished Creatures
  Sigmund (D:2)
  A giant frog (D:4)
  Ijyb (D:2)
  Jessica (D:3)
  4 adders
  A giant mite (D:3)
  8 worms
  2 giant geckos (D:2)
  An ooze (D:2)
  2 orcs
  8 bats
  12 hobgoblins
  4 jackals (D:1)
  A quokka (D:3)
  4 giant cockroaches
  3 giant newts (D:1)
  7 goblins
  11 kobolds
  9 rats
  A fungus (D:3)
82 creatures vanquished.

Notes
Turn   | Place    | Note
--------------------------------------------------------------
     0 | D:1      | Ololoev, the Ghoul Gladiator, began the quest for the Orb.
     0 | D:1      | Reached XP level 1. HP: 17/17 MP: 1/1
    22 | D:1      | Reached skill level 3 in Maces & Flails
   126 | D:1      | Reached XP level 2. HP: 14/24 MP: 2/2
   935 | D:1      | Reached XP level 3. HP: 26/29 MP: 3/3
  1197 | D:2      | Reached skill level 4 in Maces & Flails
  1577 | D:2      | Reached XP level 4. HP: 31/36 MP: 3/3
  1658 | D:2      | Noticed Sigmund
  1677 | D:2      | Killed Sigmund
  1677 | D:2      | Reached skill level 5 in Maces & Flails
  1677 | D:2      | Reached XP level 5. HP: 29/41 MP: 4/4
  2723 | D:3      | Noticed Jessica
  2747 | D:3      | Noticed Ijyb
  2789 | D:2      | Killed Ijyb
  2899 | D:3      | Killed Jessica
  2899 | D:3      | Reached skill level 6 in Maces & Flails
  2899 | D:3      | Reached XP level 6. HP: 36/46 MP: 5/5
  3296 | D:3      | Noticed Crazy Yiuf
  3826 | D:4      | Found a staircase to the Ecumenical Temple.
  3850 | D:4      | HP: 1/48 [gnoll/runed spear (7)]
  3853 | D:4      | Slain by a gnoll

Action                   |  1- 3 |  4- 6 || total
-------------------------+-------+-------++-------
Melee: Flail             |   113 |   163 ||   276
       Hammer            |       |    68 ||    68
Throw: Throwing net      |       |     6 ||     6
  Use: Scroll            |       |     6 ||     6
       Potion            |       |     2 ||     2
 Stab: Sleeping          |       |     1 ||     1
       Held in net/web   |       |     3 ||     3
  Eat: Chunk             |     9 |    34 ||    43
